[Event "NJSK 2022 Meisjes A&B"]
[Site "Almelo, Netherlands"]
[Date "2022.05.04"]
[Round "4.5"]
[White "Ganeshram, Nirupa"]
[Black "Jonkman, Amelia"]
[Result "1-0"]
[TimeControl "90min/40moves + 30min + 30sec/move"]
[WhiteElo "1546"]
[BlackElo "1552"]

1. e4 e6 2. d4 d5 3. Nc3 Nf6 4. e5 Nfd7 5. f4 c5 6. Nf3 Nc6 7. Be3 a6 8. Qd2 Be7 9. Be2 b5 10.
a3 Qc7 11. O-O cxd4 12. Nxd4 Nxd4 13. Bxd4 Bc5 14. Kh1 Bxd4 15. Qxd4 Qc5 16. Qxc5 Nxc5 17. Bf3 Bb7 18. Ne2 Na4 19. Rab1 Rc8 20. Nd4 Kd7 21. c3 Nb6 22.
Rbd1 Nc4 23. Rf2 Na5 24. f5 Nc6 25. fxe6+ fxe6 26. Bg4 Nxd4 27. Rf7+ Kc6 28. cxd4 Kb6 29. Bxe6 Rc2 30. b3 Rc3 31.
Rxg7 Rxb3 32. Rxb7+ Kxb7 33. Bxd5+ Kc7 34. Bxb3 Kd7 35. d5 Rc8 36. e6+ Kd6 37. Re1 Ke7 38. d6+ Kxd6 39. e7 Re8 40.
Re6+ Kd7 41. Rxa6 Rxe7 42. Ra7+ Kd6 43. Rxe7 Kxe7 44. a4 bxa4 45. Bxa4 Kf6 46. h4 h6 47. Kh2 Ke5 48. Kg3 Kf5 49.
Be8 Kf6 50. Kg4 Kg7 51. Kh5 Kh7 52. Bg6+ Kg7 53. g4 Kg8 54. Kxh6 Kh8 55. Be4 Kg8 56. Kg6 Kh8 57. Bc6 Kg8 58.
g5 Kh8 59. Kf7 Kh7 60. g6 1-0

[Event "NJSK 2022 Meisjes A&B"]
[Site "Almelo, Netherlands"]
[Date "2022.05.04"]
[Round "4.6"]
[White "De Zoeten, Cato"]
[Black "Bogouslavskii, Veronique"]
[Result "1-0"]
[TimeControl "90min/40moves + 30min + 30sec/move"]
[WhiteElo "1915"]
[BlackElo "1618"]

1. e4 d5 2. exd5 Qxd5 3. Nc3 Qa5 4. d4 Nf6 5. Bc4 Bf5 6. Nf3 e6 7. Bd2 c6 8. O-O Nbd7 9. Re1 Be7 10.
Nd5 Qd8 11. Nxe7 Qxe7 12. a3 a5 13. h3 h6 14. Bf4 O-O 15. Bf1 Nd5 16. Bh2 Qf6 17. c4 N5b6 18. Qb3 a4 19. Qe3 Rfe8 20.
Bd3 Rac8 21. Rad1 Red8 22. Bxf5 Qxf5 23. Qc3 c5 24. dxc5 Rxc5 25. Re5 Rxc4 26. Qxc4 Nxc4 27. Rxf5 exf5 28. Bc7 Nxb2 29. Rd2 Nc4 30. Bxd8 Nxd2 31.
Nxd2 f6 32. Nc4 Kf8 33. Nd6 b6 34. Nxf5 Kf7 35. Nd4 Ke8 36. Bc7 Ke7 37. Nb5 Nc5 38. Bxb6 Nd3 39. Nc3 Nb2 40. Be3 1-0

[Event "NJSK 2022 Meisjes A&B"]
[Site "Almelo, Netherlands"]
[Date "2022.05.04"]
[Round "4.7"]
[White "Wortman, Manixia"]
[Black "Tangarife Ramirez, Katja"]
[Result "1/2-1/2"]
[TimeControl "90min/40moves + 30min + 30sec/move"]
[WhiteElo "1432"]
[BlackElo "1623"]

1. e4 g6 2. d4 Bg7 3. e5 d6 4. f4 dxe5 5. fxe5 c5 6. c3 Nc6 7. Nf3 Bg4 8. Bb5 Qb6 9. Bxc6+ Qxc6 10.
h3 Bxf3 11. Qxf3 Qxf3 12. gxf3 Rc8 13. Be3 e6 14. Nd2 Ne7 15. Ne4 Nf5 16. Bg5 cxd4 17. cxd4 O-O 18. Rd1 Rc4 19. d5 exd5 20.
Rxd5 Re8 21. Bf6 Ne3 22. Rc5 Rxc5 23. Nxc5 Bxf6 24. exf6 Nc4+ 25. Kf2 b6 26. b3 bxc5 27. bxc4 Re6 28.
Rb1 Rxf6 29. Rb5 Rc6 30. Ra5 a6 31. Ke3 f5 32. Kf4 Kf7 33. Ke5 Ke7 34. Kd5 Rd6+ 35. Kxc5 Kd7 36. Kb4 Rb6+ 37.
Kc5 Kc7 38. Kd4 Kb7 1/2-1/2

[Event "NJSK 2022 Meisjes A&B"]
[Site "Almelo, Netherlands"]
[Date "2022.05.05"]
[Round "5.1"]
[White "Van Essen, Marieke"]
[Black "Cordes, Jule"]
[Result "0-1"]
[TimeControl "90min/40moves + 30min + 30sec/move"]
[WhiteElo "1728"]
[BlackElo "1802"]

1. e4 c5 2. Nf3 g6 3. d4 cxd4 4. Nxd4 Bg7 5. Nc3 Nc6 6.
Be3 Nf6 7. Be2 O-O 8. O-O d5 9. exd5 Nxd5 10. Nxd5 Qxd5 11. Nxc6 Qxc6 12. c3 Be6 13. Qc2 a6 14. a4 Bd5 15.
f3 Qe6 16. Bf2 Rfd8 17. c4 Rac8 18. Rac1 Bc6 19. b4 Bxa4 20.
Qxa4 Qxe2 21. Rfe1 Qb2 22. Rc2 Qf6 23. b5 Ra8 24. b6 Qf4 25. Rce2 e6 26. Re4 Qd2 27. c5 Rac8 28. Rc4 Rc6 29.
Rcc1 Bd4 30. Bxd4 Rxd4 31. Qa1 Qb4 32. Rb1 Qxc5 33. Rbc1 Rc4+ 0-1

[Event "NJSK 2022 Meisjes A&B"]
[Site "Almelo, Netherlands"]
[Date "2022.05.05"]
[Round "5.2"]
[White "Den Heijer, Rolinde"]
[Black "Verheij, Dana"]
[Result "0-1"]
[TimeControl "90min/40moves + 30min + 30sec/move"]
[WhiteElo "1754"]
[BlackElo "1828"]

1. e4 c5 2. Nf3 d6 3. d4 cxd4 4. Nxd4 Nf6 5. Nc3 a6 6. Nb3 e5 7. Bg5 Be7 8. Bxf6 Bxf6 9. Qd3 Be6 10.
O-O-O Be7 11. g3 O-O 12. f4 Nc6 13. f5 Nb4 14. Qf3 Bxb3 15. cxb3 Rc8 16. Kb1 Qa5 17. Bc4 b5 18. Bd5 Rxc3 19. Bxf7+ Rxf7 20. Qxc3 Qxa2+ 21. Kc1 Bg5+ 22. Qd2 Qa1# 0-1

[Event "NJSK 2022 Meisjes A&B"]
[Site "Almelo, Netherlands"]
[Date "2022.05.05"]
[Round "5.3"]
[White "Honkoop, Stella"]
[Black "Martinez, Sara"]
[Result "0-1"]
[TimeControl "90min/40moves + 30min + 30sec/move"]
[WhiteElo "1711"]
[BlackElo "1651"]

1. d4 d5 2. Bf4 c5 3. e3 cxd4 4. exd4 Nc6 5. c3 f6 6. Bd3 e5 7. dxe5 fxe5 8. Qh5+ g6 9. Bxg6+ hxg6 10.
Qxh8 exf4 11. Qxg8 Bf5 12. Ne2 Qb6 13. b3 O-O-O 14. Qh7 Bc5 15. O-O Re8 16. Nxf4 Bxf2+ 17. Kh1 Ne7 18. Qf7 Kd8 19.
Nxd5 Qd6 20. Nxe7 Qxh2+ 0-1

[Event "NJSK 2022 Meisjes A&B"]
[Site "Almelo, Netherlands"]
[Date "2022.05.05"]
[Round "5.4"]
[White "Venema, Katja"]
[Black "De Zoeten, Cato"]
[Result "0-1"]
[TimeControl "90min/40moves + 30min + 30sec/move"]
[WhiteElo "1692"]
[BlackElo "1915"]

1. d4 Nf6 2. c4 g6 3. Nc3 Bg7 4. e4 d6 5. Bg5 h6 6. Be3 O-O 7. Qd2 Ng4 8. Bf4 g5 9. Bg3 c5 10.
d5 Nf6 11. h4 g4 12. Bf4 Kh7 13. Bd3 Ng8 14. Nge2 Kh8 15. Ng3 e5 16. Be3 Qe8 17. Nh5 f5 18. Nxg7 Kxg7 19. g3 Na6 20.
a3 Nc7 21. b4 b6 22. b5 Qg6 23. O-O-O a6 24. a4 axb5 25. axb5 Qf7 26. Qb2 Bd7 27. Kc2 fxe4 28. Nxe4 Bf5 29.
Nc3 Bxd3+ 30. Rxd3 Qg6 31. Qb3 Ra7 32. Na4 Rfa8 33. Ra1 Ne7 34. Kd2 Nf5 35. Qd1 Nxe3 36. Rxe3 Ne8 37. Rea3 Qe4 38.
Qe2 Nf6 39. Qxe4 Nxe4+ 40. Ke3 Nc3 41. Rxc3 Rxa4 42. Rxa4 Rxa4 43. Ke4 Kg6 44. Rc2 Ra3 45. Rc1 Ra2 46. Rf1 Rd2 47. Ke3 Rd4 48.
Rc1 Kf5 49. Rc2 e4 50. Rc1 Ke5 51. Rc3 h5 52. Rc1 Rd3+ 53. Ke2 Kd4 54. Rc2 Rc3 55. Rxc3 Kxc3 56. Ke3 Kxc4 57. Kxe4 Kb3 58.
Kf5 c4 59. Ke6 c3 60. Kxd6 c2 61. Kc6 c1=Q+ 62. Kxb6 Kb4 63. Ka6 Qa1+ 64. Kb6 Qf6+ 65.
Kc7 Kc5 0-1

[Event "NJSK 2022 Meisjes A&B"]
[Site "Almelo, Netherlands"]
[Date "2022.05.05"]
[Round "5.5"]
[White "Tangarife Ramirez, Katja"]
[Black "Ganeshram, Nirupa"]
[Result "1-0"]
[TimeControl "90min/40moves + 30min + 30sec/move"]
[WhiteElo "1623"]
[BlackElo "1546"]

1. d4 d5 2. Nf3 e6 3. e3 c5 4. c3 Nc6 5. Bd3 Nf6 6. O-O Be7 7. dxc5 Bxc5 8. Nbd2 O-O 9. Qe2 e5 10.
e4 d4 11. Nc4 Qe7 12. b4 Bd6 13. b5 Nd8 14. cxd4 Bg4 15. Bb2 Bxf3 16. Qxf3 Nd7 17. Ne3 exd4 18. Nf5 Qe6 19. Bxd4 Be5 20.
Bxe5 Nxe5 21. Qg3 Qf6 22. Bc2 Ne6 23. h4 Kh8 24. f4 Nc4 25. e5 Qg6 26. Qc3 Nb6 27. Qf3 f6 28. Qxb7 Nc5 29.
Qe7 Ncd7 30. e6 Rfe8 31. Qd6 Nf8 32. e7 Nfd7 33. Qd2 Nc4 34. Qxd7 Qg4 35. Qd4 Rac8 36. Rac1 g6 37. Qxf6+ Kg8 38.
Qg7# 1-0

[Event "NJSK 2022 Meisjes A&B"]
[Site "Almelo, Netherlands"]
[Date "2022.05.05"]
[Round "5.6"]
[White "Jonkman, Amelia"]
[Black "Mensing, Luana"]
[Result "1-0"]
[TimeControl "90min/40moves + 30min + 30sec/move"]
[WhiteElo "1552"]
[BlackElo "1604"]

1. d4 d5 2. c4 c6 3. Nc3 Nf6 4. Nf3 Bf5 5. Bg5 Ne4 6. e3 f6 7. Bf4 g5 8. Bg3 e6 9. Nxe4 Bxe4 10.
a3 Nd7 11. Nd2 Bg6 12. b4 a6 13. Nb3 b6 14. Be2 Be7 15. O-O h5 16. h3 f5 17. cxd5 exd5 18. Qc2 Qc8 19. Rfc1 b5 20.
Qxc6 Qxc6 21. Rxc6 Kf7 22. Bf3 Nf6 23. Be5 Rhd8 24. Bxf6 Bxf6 25. Nc5 Kg7 26. Ne6+ 1-0

[Event "NJSK 2022 Meisjes A&B"]
[Site "Almelo, Netherlands"]
[Date "2022.05.05"]
[Round "5.7"]
[White "Bogouslavskii, Veronique"]
[Black "Wortman, Manixia"]
[Result "1-0"]
[TimeControl "90min/40moves + 30min + 30sec/move"]
[WhiteElo "1618"]
[BlackElo "1432"]

1. d4 Nf6 2. Bg5 e6 3. Nd2 Be7 4. e3 d5 5. Bd3 c5 6. c3 Nc6 7. f4 h6 8. Bxf6 Bxf6 9. Ngf3 Bd7 10.
O-O O-O 11. Ne5 Nxe5 12. fxe5 Bg5 13. Qe1 Rc8 14. Nf3 Qe7 15. Nxg5 Qxg5 16. Rf3 f5 17. exf6 Rxf6 18. Rg3 Qh5 19.
Qd2 c4 20. Bc2 Rcf8 21. Re1 Qf7 22. Qc1 Bc6 23. Qb1 b5 24. Bg6 Qe7 25. e4 dxe4 26. Bxe4 Bxe4 27. Qxe4 Qf7 28. Rf3 Rxf3 29.
Qxf3 Qxf3 30. gxf3 Rf6 31. Kg2 Kf7 32. Re5 Rf5 33. f4 a6 34. Kg3 g5 35. fxg5 hxg5 36. Rc5 Kf6 37. b3 cxb3 38.
axb3 Rd5 39. Kf3 Rf5+ 40. Ke3 g4 41. b4 Rf1 42. Rc6 Rh1 43. Kf4 Rxh2 44. Kxg4 Rc2 45. d5 Kf7 46. dxe6+ Ke7 47.
Kf5 Rf2+ 48. Ke5 Re2+ 49. Kd5 Rd2+ 50. Kc5 Ra2 51. Kb6 Ra3 52. Kb7 a5 53. bxa5 Rxa5 54. Kb6 1-0

[Event "NJSK 2022 Meisjes A&B"]
[Site "Almelo, Netherlands"]
[Date "2022.05.06"]
[Round "6.1"]
[White "Cordes, Jule"]
[Black "Martinez, Sara"]
[Result "1-0"]
[TimeControl "90min/40moves + 30min + 30sec/move"]
[WhiteElo "1802"]
[BlackElo "1651"]

1. d4 d5 2. c4 e6 3. Nf3 c5 4. cxd5 exd5 5. Nc3 Nc6 6. dxc5 d4 7. Na4 Bxc5 8. Nxc5 Qa5+ 9. Bd2 Qxc5 10.
Rc1 Qb6 11. e3 Nf6 12. Qa4 dxe3 13. Bxe3 Qb4+ 14. Qxb4 Nxb4 15. Bc4 O-O 16. O-O Nbd5 17. Bg5 h6 18. Bh4 Be6 19. Nd4 Nf4 20.
Bxf6 gxf6 21. Nxe6 fxe6 22. g3 Nd5 23. Rfe1 Kf7 24. Bxd5 exd5 25. Rc7+ Kg6 26. Rxb7 Rfd8 27. Kf1 a5 28.
Ke2 Rac8 29. Kd3 Rc5 30. f3 h5 31. h4 d4 32. g4 Re5 33. Rxe5 fxe5 34. Rb6+ Kf7 35. Rb5 hxg4 36. fxg4 Kf6 37.
Rxa5 Rh8 38. Ra6+ Kf7 39. Ra7+ Kf6 40. Ra6+ Kf7 41. h5 Rg8 42. Ke4 Rxg4+ 43. Kxe5 d3 44. Rd6 Rg2 45. Rxd3 Rxb2 46.
a4 Ra2 47. Rd7+ Ke8 48. Ra7 Rh2 49. Ke6 Kd8 50. Rd7+ Kc8 51. Rd5 Kc7 52. Kf6 Kc6 53. Rg5 Kd6 54. Kg7 Ke6 55. h6 Rd2 56.
h7 Rd7+ 57. Kg6 Rd8 58. Rh5 1-0

[Event "NJSK 2022 Meisjes A&B"]
[Site "Almelo, Netherlands"]
[Date "2022.05.06"]
[Round "6.2"]
[White "Verheij, Dana"]
[Black "Honkoop, Stella"]
[Result "1/2-1/2"]
[TimeControl "90min/40moves + 30min + 30sec/move"]
[WhiteElo "1828"]
[BlackElo "1711"]

1. e4 c5 2. c3 Nf6 3. e5 Nd5 4. Nf3 d6 5. exd6 e6 6. g3 b6 7. Bg2 Bb7 8. O-O Bxd6 9. d4 Nc6 10.
Na3 O-O 11. Re1 Rc8 12. Nc4 Be7 13. dxc5 Bxc5 14. Be3 Nxe3 15. Nxe3 Qc7 16. Ng5 h6 17. Ne4 Rfd8 18. Qe2 Be7 19.
Nd2 Ne5 20. Nb3 Rd7 21. Rad1 Rcd8 22. Nd4 Bc5 23. Nec2 Bxg2 24. Kxg2 Qb7+ 25. Qe4 Qxe4+ 26. Rxe4 Ng6 27. Rde1 Ne7 28.
g4 Ng6 29. f4 Ne7 30. Kf3 Kf8 31. h4 Ng6 32. h5 Ne7 33. Re5 1/2-1/2

[Event "NJSK 2022 Meisjes A&B"]
[Site "Almelo, Netherlands"]
[Date "2022.05.06"]
[Round "6.3"]
[White "De Zoeten, Cato"]
[Black "Van Essen, Marieke"]
[Result "1-0"]
[TimeControl "90min/40moves + 30min + 30sec/move"]
[WhiteElo "1915"]
[BlackElo "1728"]

1. e4 e5 2. Nf3 Nc6 3. Bb5 a6 4. Ba4 Nf6 5. O-O Bc5 6. c3 b5 7. Bb3 O-O 8. d4 exd4 9. cxd4 Bb6 10.
e5 Ne4 11. Bd5 Nf6 12. exf6 Qxf6 13. Nc3 Bb7 14. Qd2 Rab8 15. Rd1 Na5 16. Bxb7 Nxb7 17. Nd5 Qe6 18. Nxb6 Qxb6 19. Qd3 h6 20.
Bf4 Rbe8 21. Rac1 Nd6 22. Qc2 Rc8 23. Qc5 Qa5 24. Bxd6 cxd6 25. Qxc8 Rxc8 26. Rxc8+ Kh7 27. a3 b4 28. axb4 Qxb4 29. Rd2 g5 30.
h3 f5 31. Rdc2 g4 32. hxg4 fxg4 33. R8c4 Qa5 34. Nd2 Qa1+ 35. Nf1 h5 36. Rc7 Qa4 37. Re2 Qxd4 38. Rxd7+ Kg6 39. Re6+ Kg5 40.
Rdxd6 Qxb2 41. Rd5+ 1-0

[Event "NJSK 2022 Meisjes A&B"]
[Site "Almelo, Netherlands"]
[Date "2022.05.06"]
[Round "6.4"]
[White "Jonkman, Amelia"]
[Black "Den Heijer, Rolinde"]
[Result "0-1"]
[TimeControl "90min/40moves + 30min + 30sec/move"]
[WhiteElo "1552"]
[BlackElo "1754"]

1. d4 d5 2. c4 e6 3. Nf3 c5 4. Nc3 Nc6 5. cxd5 exd5 6. dxc5 d4 7. Nb5 Qa5+ 8. Qd2 Qxb5 9. Nxd4 Nxd4 10.
Qxd4 Qxc5 11. Qe4+ Be7 12. Bd2 Nf6 13. Qd3 O-O 14. Rc1 Qb6 15. b3 Bb4 16. e3 Rd8 17. Qxd8+ Qxd8 18. Bxb4 Be6 19.
Be2 h6 20. O-O Rc8 21. Bf3 Rxc1 22. Rxc1 Qb6 23. Bd2 Qa6 24. Rc2 Bf5 25. Rb2 Qa3 26. Bc1 Qc5 27. Bd2 Qe5 28. Bc1 Qc3 0-1

[Event "NJSK 2022 Meisjes A&B"]
[Site "Almelo, Netherlands"]
[Date "2022.05.06"]
[Round "6.5"]
[White "Tangarife Ramirez, Katja"]
[Black "Venema, Katja"]
[Result "1-0"]
[TimeControl "90min/40moves + 30min + 30sec/move"]
[WhiteElo "1623"]
[BlackElo "1692"]

1. d4 Nf6 2. Nf3 d5 3. e3 Bg4 4. c4 c6 5. Nbd2 e6 6. Qb3 Qc7 7. Bd3 Be7 8. O-O O-O 9. Ne5 Bh5 10.
Re1 Nbd7 11. Nxd7 Qxd7 12. cxd5 Nxd5 13. Ne4 b6 14. a3 Qc7 15. Ng3 Bg6 16. e4 Nf6 17. Qc4 Rfd8 18. b4 e5 19.
d5 Rac8 20. Bb2 Qd6 21. Qb3 Nd7 22. Ba6 Rc7 23. dxc6 Rxc6 24. Red1 Qc7 25. Bb5 Rd6 26. Rac1 Qb8 27. Rd5 Rxd5 28.
Qxd5 Nf6 29. Qxe5 Bd6 30. Qc3 Bxg3 31. hxg3 Bxe4 32. Qe3 Bg6 33. Be5 Qb7 34. Bc6 Qe7 35. Bf4 Qxe3 36. Bxe3 Ng4 37.
Bf4 h6 38. Bf3 Nf6 39. Rc7 a6 40. Ra7 Bd3 41. Bc7 Rd7 42. Ra8+ Kh7 43. Bxb6 Bb5 44. Rd8 Re7 45. Rd1 Nd7 46. Be3 Ne5 47. Be4+ g6 48. Bc5 Re8 49. Bc2 Ng4 50. a4 Bc6 51.
Bb3 Re2 52. a5 Kg7 53. Bc4 Rc2 54. Bxa6 f5 55. Bd4+ Kf7 56. Bd3 1-0

[Event "NJSK 2022 Meisjes A&B"]
[Site "Almelo, Netherlands"]
[Date "2022.05.06"]
[Round "6.6"]
[White "Mensing, Luana"]
[Black "Bogouslavskii, Veronique"]
[Result "0-1"]
[TimeControl "90min/40moves + 30min + 30sec/move"]
[WhiteElo "1604"]
[BlackElo "1618"]

1. e4 e5 2. Nf3 Nc6 3. Bc4 f5 4. d3 Bc5 5. Ng5 f4 6. Nf7 Qh4 7. O-O Nf6 8. Nd2 Ng4 9. Nf3 Bxf2+ 10. Kh1 Qh5 11. Nxh8 d5 12. Bxd5 Kf8 13. b3 g6 14. Ba3+ Kg7 15. Nf7 Nd4 16. N7xe5 Ne2 17. Qxe2 Nxh2 18.
Ng1 Nf3+ 19. Nh3 Bxh3 20. Nxf3 Bg4+ 21. Nh2 Bg3 22. Bb2+ Kh6 23. Qxg4 Qxh2# 0-1

[Event "NJSK 2022 Meisjes A&B"]
[Site "Almelo, Netherlands"]
[Date "2022.05.06"]
[Round "6.7"]
[White "Wortman, Manixia"]
[Black "Ganeshram, Nirupa"]
[Result "1-0"]
[TimeControl "90min/40moves + 30min + 30sec/move"]
[WhiteElo "1432"]
[BlackElo "1546"]

1. e4 c5 2. c3 d5 3. exd5 Qxd5 4. Nf3 Nc6 5. Na3 Nf6 6. Nc2 e6 7. Be2 Be7 8. O-O O-O 9. d4 cxd4 10.
Ncxd4 Nxd4 11. Qxd4 Bc5 12. Qd3 Rd8 13. Rd1 Ng4 14. Nd4 e5 15. Nf3 Qxd3 16. Rxd3 Rxd3 17. Bxd3 Nxf2 18. Bc4 e4 19.
Ng5 Nh3+ 20. Kf1 Nxg5 21. Bxg5 h6 22. Bf4 Bd7 23. b4 Bb6 24. a4 Rc8 25. a5 Rxc4 26. axb6 axb6 27. Be5 Bb5 28.
Kf2 Rc6 29. Ke3 Re6 30. Bd4 f5 31. Ra8+ Kh7 32. Rf8 Rg6 33. g3 Bc6 34. Bxb6 Rf6 35. Rxf6 gxf6 36. Kf4 Kg6 37. h4 h5 38.
c4 Ba4 39. Bd4 Bd1 40. c5 Be2 41. Ke3 Bb5 42. Kf4 Bd7 43. Ke3 Kf7 44. Kd2 f4 45. gxf4 f5 46. Kc3 Bb5 47. Be3 Kf6 48.
Kd4 Ke6 49. Bf2 Bc6 50. Kc4 Bd5+ 51. Kd4 Bb3 52. b5 Bd1 53. b6 Bg4 54. c6 e3 55. Kxe3 bxc6 56. b7 Kd6 57. b8=Q+ Kd5 58.
Qe5+ Kc4 59. Qd6 Kb5 60. Kd3 Bh3 61. Qc5+ Ka4 62. Kc3 Bg2 63. Qb4# 1-0

[Event "NJSK 2022 Meisjes A&B"]
[Site "Almelo, Netherlands"]
[Date "2022.05.07"]
[Round "7.1"]
[White "De Zoeten, Cato"]
[Black "Cordes, Jule"]
[Result "0-1"]
[TimeControl "90min/40moves + 30min + 30sec/move"]
[WhiteElo "1915"]
[BlackElo "1802"]

1. e4 e6 2. d4 d5 3. Nd2 Nf6 4. e5 Nfd7 5. f4 c5 6. c3 Nc6 7. Ndf3 cxd4 8. cxd4 Qb6 9. Bd3 Nxd4 10.
Nxd4 Bb4+ 11. Bd2 Qxd4 12. Nf3 Qxf4 13. Bxb4 Qxb4+ 14. Qd2 Qxd2+ 15. Kxd2 Nc5 16. Bc2 O-O 17. Rhf1 Bd7 18. Rae1 Rac8 19.
Re3 f6 20. b4 Na6 21. a3 Nc7 22. Rfe1 f5 23. Nd4 Na8 24. Rh3 g6 25. Bb3 Nb6 26. a4 Rc7 27. Nb5 Bxb5 28. axb5 Nc4+ 29.
Bxc4 Rxc4 30. Rb3 b6 31. Ra1 Rf7 32. Rba3 Rxb4 33. Rxa7 Rxb5 34. Rxf7 Kxf7 35. Ra7+ Ke8 36. Ra8+ Ke7 37.
Ra7+ Ke8 38. Ra8+ Kd7 39. Ra7+ Kd8 40. Ra8+ Kc7 41. Ra7+ Kc6 42. Re7 d4 43. Rxe6+ Kd5 44. Re8 Rb2+ 45.
Kd3 Rb3+ 46. Kd2 Re3 0-1

[Event "NJSK 2022 Meisjes A&B"]
[Site "Almelo, Netherlands"]
[Date "2022.05.07"]
[Round "7.2"]
[White "Martinez, Sara"]
[Black "Verheij, Dana"]
[Result "1/2-1/2"]
[TimeControl "90min/40moves + 30min + 30sec/move"]
[WhiteElo "1651"]
[BlackElo "1828"]

1. e4 c5 2. Nf3 d6 3. d4 cxd4 4. Nxd4 Nf6 5. Nc3 a6 6. f3 e5 7. Nb3 Be6 8. Be3 Be7 9. Qd2 h5 10.
Bd3 Nbd7 11. O-O b5 12. Qf2 O-O 13. Rad1 Rb8 14. Ne2 a5 15. Ng3 a4 16. Nc1 d5 17. Kh1 h4 18. Nf5 Bxf5 19.
exf5 Nh5 20. Ne2 Qc7 21. c3 Rfe8 22. f4 Qc6 23. fxe5 Nxe5 24. Nd4 Nxd3 25. Nxc6 Nxf2+ 26. Bxf2 Rbc8 27.
Nxe7+ Rxe7 28. Rxd5 Re2 29. Rxb5 Rd8 30. Bd4 a3 31. bxa3 Rxa2 32. f6 Nxf6 33. Bxf6 gxf6 34. Rb4 h3 35.
Rg4+ Kf8 36. gxh3 1/2-1/2

[Event "NJSK 2022 Meisjes A&B"]
[Site "Almelo, Netherlands"]
[Date "2022.05.07"]
[Round "7.3"]
[White "Den Heijer, Rolinde"]
[Black "Bogouslavskii, Veronique"]
[Result "1/2-1/2"]
[TimeControl "90min/40moves + 30min + 30sec/move"]
[WhiteElo "1754"]
[BlackElo "1618"]

1. e4 e5 2. Nf3 d5 3. Nxe5 Bd6 4. Ng4 dxe4 5. d3 exd3 6. Bxd3 Nc6 7. a3 Qe7+ 8. Ne3 Be6 9. Bb5 O-O-O 10. Nd2 Nd4 11. Bd3 h5 12. h3 f5 13. c3 Nc6 14. Qe2 g6 15. Ndc4 Nf6 16. Bd2 Rhe8 17. g3 Qf8 18. O-O-O Ne5 19. Nxd6+ Qxd6 20. Bc2 Qc6 21. Qf1 Nf3 22. Bd3 Bb3 23.
Bc2 Nxd2 24. Rxd2 Rxd2 25. Kxd2 Bxc2 26. Nxc2 Qd5+ 27. Kc1 Ne4 28. Rh2 Qd2+ 29. Kb1 Nxg3 30. Qc1 Qxc1+ 31. Kxc1 Ne2+ 32.
Kd2 Nf4 33. Ne3 Rd8+ 34. Kc2 c6 35. h4 Rd6 36. Rh1 Kc7 37. Rg1 Nd3 38. Nc4 Rd7 39. Rxg6 Nxf2 40. Rg5 Rh7 41. Rxf5 Ng4 42.
Kb3 b6 43. Ne5 1/2-1/2

[Event "NJSK 2022 Meisjes A&B"]
[Site "Almelo, Netherlands"]
[Date "2022.05.07"]
[Round "7.4"]
[White "Honkoop, Stella"]
[Black "Tangarife Ramirez, Katja"]
[Result "1-0"]
[TimeControl "90min/40moves + 30min + 30sec/move"]
[WhiteElo "1711"]
[BlackElo "1623"]

1. d4 d5 2. Bf4 Nf6 3. e3 e6 4. Nf3 Bd6 5. Bg3 O-O 6. Nbd2 c5 7. c3 Qc7 8. Ne5 Nbd7 9. f4 b6 10.
Bd3 a5 11. Ndf3 Ba6 12. h4 Bxd3 13. Qxd3 Ne4 14. Ng5 Ndf6 15. Bh2 h6 16. Nh3 Bxe5 17. dxe5 Ng4 18. Qe2 f5 19. exf6 Ngxf6 20. g4 Qf7 21. h5 Qd7 22. O-O-O e5 23. f5 Qe7 24. Rhg1 Qe8 25. Rg2 Rd8 26. g5 hxg5 27. Nxg5 Qxh5 28.
Qxh5 Nxh5 29. Ne6 Rd7 30. Nxf8 Kxf8 31. Bxe5 Rf7 32. Rxd5 Rxf5 33. Bd6+ Nxd6 34. Rxd6 b5 35. Rd7 Ke8 36.
Ra7 a4 37. Rb7 c4 38. e4 Re5 39. Rg4 Kf8 40. Rc7 Ke8 41. Rh4 Kd8 42. Ra7 Ke8 43. Kd2 Rg5 44. Ke3 g6 45. Rh2 Rg3+ 46.
Kd4 1-0

[Event "NJSK 2022 Meisjes A&B"]
[Site "Almelo, Netherlands"]
[Date "2022.05.07"]
[Round "7.5"]
[White "Venema, Katja"]
[Black "Jonkman, Amelia"]
[Result "1/2-1/2"]
[TimeControl "90min/40moves + 30min + 30sec/move"]
[WhiteElo "1692"]
[BlackElo "1552"]

1. d4 Nf6 2. c4 g6 3. Nc3 Bg7 4. e4 d6 5. Be2 O-O 6. Bg5 c6 7. Nf3 Qc7 8. O-O a6 9. a4 a5 10.
Qd2 Na6 11. Bh6 Nb4 12. Bxg7 Kxg7 13. Ne1 e5 14. d5 c5 15. f4 Qe7 16. f5 Ng8 17. Rf3 gxf5 18. exf5 Kh8 19. Ne4 f6 20.
Nd3 Nxd3 21. Bxd3 Rf7 22. Raf1 Rg7 23. Rh3 Bd7 24. b3 b6 25. Ng3 Rf8 26. Re1 Rg4 27. Qe2 Qg7 28. Rf1 Ne7 29.
Rh5 Rg5 30. Rxg5 fxg5 31. Qe4 Ng8 32. Nh5 Qh6 33. Ng3 Nf6 34. Qe2 Qg7 35. Ne4 Nxe4 36. Qxe4 Rf6 37. Qe3 h6 38. g4 Be8 39.
Be2 Bf7 40. Kf2 Be8 41. Ke1 Bf7 42. Qg3 Kg8 43. Kd2 Be8 44. Rh1 Bf7 45. Qe3 Be8 46. h4 Bf7 47. Bf3 Be8 48. h5 1/2-1/2

[Event "NJSK 2022 Meisjes A&B"]
[Site "Almelo, Netherlands"]
[Date "2022.05.07"]
[Round "7.6"]
[White "Van Essen, Marieke"]
[Black "Wortman, Manixia"]
[Result "1-0"]
[TimeControl "90min/40moves + 30min + 30sec/move"]
[WhiteElo "1728"]
[BlackElo "1432"]

1. e4 c5 2. Nf3 d6 3. Bb5+ Bd7 4. Bxd7+ Nxd7 5. c4 Ngf6 6. Nc3 e6 7. O-O Be7 8. d4 cxd4 9. Nxd4 Rc8 10.
b3 Nc5 11. Re1 a6 12. f4 e5 13. Nf5 O-O 14. fxe5 dxe5 15. Bg5 Ncd7 16. Nxe7+ Qxe7 17. Nd5 Qc5+ 18. Be3 Qc6 19. Ne7+ 1-0

[Event "NJSK 2022 Meisjes A&B"]
[Site "Almelo, Netherlands"]
[Date "2022.05.07"]
[Round "7.7"]
[White "Ganeshram, Nirupa"]
[Black "Mensing, Luana"]
[Result "0-1"]
[TimeControl "90min/40moves + 30min + 30sec/move"]
[WhiteElo "1546"]
[BlackElo "1604"]

1. e4 c5 2. Nc3 d6 3. f4 Nf6 4. Nf3 a6 5. a4 Nc6 6. Bc4 e6 7. Ba2 Be7 8. O-O Qb6 9. Kh1 Ng4 10.
Ne2 Nb4 11. Bb1 c4 12. Qe1 d5 13. exd5 Nxd5 14. Nfd4 Bc5 15. c3 O-O 16. Qg3 Ngf6 17. d3 cxd3 18. Bxd3 Bd7 19. f5 e5 20.
Bh6 Nh5 21. Qg5 Qxh6 22. Qxh6 gxh6 23. Nb3 Bd6 24. c4 Ndf6 25. Nd2 Rfe8 26. Ne4 Nxe4 27. Bxe4 Rab8 28. f6 Rec8 29. g3 Rxc4 30.
Bf3 Nxf6 31. Bxb7 Rxb7 32. Rxf6 Bc5 33. a5 Rxb2 34. Nc1 Bh3 35. Rf2 Rxf2 36. Kg1 Rfc2+ 37. Kh1 Bg2# 0-1